 Dungeon Crawl Stone Soup version 0.19.0-11-g3fc08b3 (webtiles) character file.

107 MovingMist the Skirmisher (level 4, -2/30 HPs)
             Began as a Gargoyle Fighter on Nov 9, 2016.
             Slain by an orc (3 damage)
             ... on level 3 of the Dungeon.
             The game lasted 00:05:00 (1368 turns).

MovingMist the Skirmisher (Gargoyle Fighter)        Turns: 1368, Time: 00:05:00

Health: -2/30      AC: 13    Str: 19    XL:     4   Next: 85%
Magic:  4/4        EV:  7    Int:  9    God:
Gold:   115        SH:  9    Dex: 10    Spells: 0 memorised, 3 levels left

rFire  . . .     SeeInvis .     a - +0 flail
rCold  . . .     Gourm    .     b - +0 scale mail
rNeg   + . .     Faith    .     c - +0 shield
rPois  ∞         Spirit   .     r - +2 helmet
rElec  +         Reflect  .     (no cloak)
rCorr  +         Harm     .     (no gloves)
MR     .....                    (no boots)
Stlth  ..........               (no amulet)
                                (no ring)
                                h - ring of resist corrosion

@: no status effects
A: negative energy resistance 1, electricity resistance, unbreathing,
petrification resistance, rot immunity, AC +3
a: no special abilities


You were on level 3 of the Dungeon.
You were not hungry.

You visited 1 branch of the dungeon, and saw 3 of its levels.

You collected 115 gold pieces.

Inventory:

Hand Weapons
 a - a +0 flail (weapon)
Armour
 b - a +0 scale mail (worn)
 c - a +0 shield (worn)
 j - a +0 helmet
 r - a +2 helmet (worn)
Jewellery
 h - a ring of resist corrosion (left hand)
Wands
 m - a wand of digging (15/24)
 q - a wand of paralysis (10/24)
Scrolls
 i - 4 scrolls of identify {unknown}
 k - a scroll of enchant armour {unknown}
 o - a scroll of amnesia {unknown}
 p - 3 scrolls of fear {unknown}
Potions
 d - 2 potions of might
 e - 3 potions of lignification {unknown}
 l - a potion of curing {unknown}
 n - 3 potions of ambrosia {unknown}
 u - a potion of heal wounds {unknown}
 v - a potion of agility {unknown}
Comestibles
 f - 3 bread rations
 s - a royal jelly
 t - 3 fruits


   Skills:
 * Level 4.4 Fighting
 + Level 2.7 Maces & Flails
 + Level 4.0 Armour
 + Level 4.0 Shields


You had 3 spell levels left.
You didn't know any spells.

Dungeon Overview and Level Annotations

Branches:
Dungeon (3/15)

Altars:
Uskayaw


Innate Abilities, Weirdness & Mutations

You are resistant to torment.
Your stone body is resilient. (AC +3)
You are immune to poison.
You resist negative energy. (rN+)
You are resistant to electric shocks. (rElec)
You can survive without breathing.
You are immune to petrification.
You are immune to rotting.


Message History

The orc wizard hits you but does no damage.
The orc hits you but does no damage.
The hobgoblin hits you but does no damage.
The adder bites you but does no damage.
You closely miss the hobgoblin. The adder bites you but does no damage.
You block the orc wizard's attack. You block the orc's attack.
The hobgoblin barely misses you.
The orc priest invokes the aid of Beogh against you.
Beogh smites you!
* * * LOW HITPOINT WARNING * * *
The adder bites you.
* * * LOW HITPOINT WARNING * * *
The orc hits you but does no damage.
The orc wizard hits you but does no damage.
You closely miss the orc wizard.
The hobgoblin hits you but does no damage.
The adder bites you but does no damage.
The orc wizard points at you and mumbles some strange words.
The magic dart hits you! The orc hits you.
You die... .# # .. .#. .# #.. ..... .#.# ## oKr

. #o#g# ...
#@####...(.
#oS<.....P.
.......#.###..≈≈
.##.#...## ≈
##.... ##..##
...# ##..# #..


You could see an orc priest, an orc wizard, an adder, an orc, a hobgoblin, a
kobold and a rat.

Vanquished Creatures
  4 gnolls (D:2)
  2 adders (D:2)
  An ooze (D:2)
  A dart slug (D:2)
  2 ball pythons
  2 giant cockroaches (D:1)
  5 goblins
  4 hobgoblins (D:1)
  7 kobolds
  8 bats
  5 frilled lizards
  7 rats
48 creatures vanquished.

Notes
Turn   | Place    | Note
-------+----------+-------------------------------------------
     0 | D:1      | MovingMist the Gargoyle Fighter began the quest for the Orb.
     0 | D:1      | Reached XP level 1. HP: 14/14 MP: 1/1
   135 | D:1      | Reached XP level 2. HP: 16/19 MP: 2/2
   266 | D:1      | You fall through a shaft!
   368 | D:2      | Reached XP level 3. HP: 20/23 MP: 3/3
   800 | D:2      | Reached XP level 4. HP: 19/29 MP: 4/4
   924 | D:2      | Found a hide-covered altar of Uskayaw.
  1367 | D:3      | HP: 1/30 [adder (3)]
  1368 | D:3      | Slain by an orc

Skill      XL: |  1  2  3  4 |
---------------+-------------+-----
Fighting       | 4 |  4.4
Shields        | 4 |  4.0
Armour         | 4 |  4.0
Maces & Flails | |  2.7

Action                   |  1- 3 |  4- 6 || total
-------------------------+-------+-------++-------
Melee: Flail             |   157 |    73 ||   230
  Eat: Chunk             |       |     2 ||     2
Armor: Scale mail        |   136 |    68 ||   204
Dodge: Dodged            |    76 |    28 ||   104
Block: Shield            |   102 |    49 ||   151
